 Dungeon Crawl Stone Soup version 0.28-a0-695-gff09746 (webtiles) character file.

Game seed: 14329578983778674256

3176 Nithhogg the Cleaver (level 9, -5/89 HPs)
             Began as a Hill Orc Fighter on Oct 22, 2021.
             Was a Follower of Qazlal.
             Slain by a yak (8 damage)
             ... on level 10 of the Dungeon.
             The game lasted 00:11:17 (7661 turns).

Nithhogg the Cleaver (Hill Orc Fighter)             Turns: 7661, Time: 00:11:17

Health: -5/89      AC: 12    Str: 22    XL:     9   Next: 95%
Magic:  14/14      EV:  6    Int:  8    God:    Qazlal [*.....]
Gold:   312        SH:  1    Dex: 10    Spells: 8/8 levels left

rFire   . . .      SeeInvis .   h - +0 hand axe (vorpal)
rCold   . . .      Faith    .   (no shield)
rNeg    . . .      Spirit   .   k - +1 plate armour
rPois   .          Reflect  .   (no helmet)
rElec   .          Harm     .   (no cloak)
rCorr   .          Rampage  .   (no gloves)
Will    .....                   (no boots)
Stlth   ..........              (no amulet)
HPRegen 0.24/turn               (no ring)
MPRegen 0.14/turn               (no ring)

@: brilliant
A: no striking features
a: Renounce Religion


You were on level 10 of the Dungeon.
You worshipped Qazlal.
Qazlal was aware of your devotion.
You visited 2 branches of the dungeon, and saw 9 of its levels.

You collected 312 gold pieces.

Inventory:

Hand Weapons
 a - a +0 war axe
 h - a +0 vorpal hand axe (weapon)
 y - a +0 battleaxe
Armour
 b - a +0 scale mail
 c - a +0 buckler
 k - a +1 plate armour (worn)
 m - a +2 ring mail of positive energy
Magical Staves
 j - a staff of cold
Jewellery
 g - a ring of see invisible
Wands
 q - a wand of paralysis (11) (quivered)
Scrolls
 e - 3 scrolls of magic mapping
 p - 4 scrolls of identify
 s - a scroll of blinking
 v - a scroll of silence {unknown}
 w - a scroll of vulnerability {unknown}
Potions
 d - a potion of berserk rage
 f - 3 potions of brilliance
 i - 2 potions of degeneration {unknown}
 r - 2 potions of mutation {unknown}
 u - a potion of curing {unknown}
 z - 2 potions of flight {unknown}
 A - a potion of lignification {unknown}


   Skills:
 + Level 11.0 Fighting
 + Level 11.6 Axes
 - Level 3.2 Armour
 - Level 3.2 Shields
 + Level 7.5 Invocations


You had 8 spell levels left.
You didn't know any spells.
Your spell library contained the following spells:

 Spells                   Type           Power      Damage    Failure   Level
 Magic Dart               Conj           0%         1d3       100%        1
 Call Imp                 Summ           0%         N/A       100%        2
 Mephitic Cloud           Conj/Pois/Air  0%         N/A       100%        3


Dungeon Overview and Level Annotations

Branches:
Dungeon (7/15)             Temple (1/1) D:5

Altars:
Cheibriados
Dithmenos
Elyvilon
Fedhas
Gozag
Hepliaklqana
Kikubaaqudgha
Makhleb
Nemelex Xobeh
Qazlal
Ru
Trog
Uskayaw
Vehumet
Xom
The Shining One

Shops:
D:2 [   D:3 *

Annotations:
D:6 1 runed translucent door, Kave's ghost, novice TrTm


Message History

You hit the yak.
The yak is almost dead.
You hit the yak. The yak gores you but does no damage. The yak gores you.
* * * LOW HITPOINT WARNING * * *
You slash the yak!
You kill the yak!
Qazlal accepts your kill.
You hit the yak. The yak barely misses you.
Your Fighting skill increases to level 11!
You hit the yak.
The yak is almost dead.
The yak gores you but does no damage.
You hit the yak.
The yak is almost dead.
You hit the yak but do no damage.
The yak is almost dead.
The yak gores you but does no damage.
You barely miss the yak.
The yak is almost dead.
The yak closely misses you.
You hit the yak but do no damage.
The yak is almost dead.
The yak gores you.
* * * LOW HITPOINT WARNING * * *
You hit the yak but do no damage.
The yak is almost dead.
You barely miss the yak.
The yak is almost dead.
The yak gores you.
* * * LOW HITPOINT WARNING * * *
You hit the yak.
The yak is almost dead.
The yak gores you!
* * * LOW HITPOINT WARNING * * *
You hit the yak but do no damage.
The yak is almost dead.
It was a potion of brilliance.
You feel clever all of a sudden. The yak gores you!
You die...

.........# .....
[.....
#....###...#.##.....
##.......# #...!.
##.....#####..#
##....###†...#
##)...#..†###
#.........#
##..Y...### ##.@☼###
##.## ###


You could see a yak.

Vanquished Creatures
  Pikel (D:6)
  Sigmund (D:3)
  4 yaks (D:10)
  A wraith (D:6)
  Eustachio (D:4)
  4 sky beasts
  An ice beast (D:6)
  An orc warrior (D:6)
  A necrophage (D:5)
  2 ogres (D:4)
  2 centaurs
  A bullfrog (D:6)
  5 wights (D:7)
  3 howler monkeys
  A bullfrog skeleton (D:5)
  2 orc priests (D:7)
  A hound (D:4)
  A jelly (D:4)
  An iguana (D:6)
  Ijyb (D:4)
  Terence (D:3)
  An orc wizard (D:7)
  6 adders
  3 worms
  2 dart slugs
  5 orcs
  3 bats
  7 endoplasms
  A giant cockroach (D:1)
  6 goblins
  4 hobgoblins
  12 jackals
  6 quokkas (D:1)
  8 ball pythons
  4 frilled lizards
  7 kobolds
  6 rats
117 creatures vanquished.

Notes
Turn   | Place    | Note
-------+----------+-------------------------------------------
     0 | D:1      | Nithhogg the Hill Orc Fighter began the quest for the Orb.
     0 | D:1      | Reached XP level 1. HP: 19/19 MP: 1/1
   105 | D:1      | Found a faded altar of an unknown god.
   141 | D:1      | Reached XP level 2. HP: 25/27 MP: 2/2
   528 | D:1      | Reached XP level 3. HP: 34/34 MP: 3/3
  1498 | D:2      | Reached XP level 4. HP: 41/41 MP: 4/4
  1540 | D:2      | Found Jeozavump's Armour Boutique.
  1944 | D:3      | Noticed Terence
  1958 | D:3      | Killed Terence
  1959 | D:3      | Reached skill level 5 in Fighting
  2164 | D:3      | Noticed Sigmund
  2272 | D:3      | Found Lubierph's General Store.
  2433 | D:3      | Killed Sigmund
  2434 | D:3      | Reached XP level 5. HP: 39/50 MP: 5/5
  2434 | D:3      | Reached XP level 6. HP: 44/57 MP: 6/6
  2675 | D:3      | Found a burning altar of Makhleb.
  3228 | D:4      | Noticed Eustachio
  3517 | D:4      | Killed Eustachio
  3518 | D:4      | Reached XP level 7. HP: 46/66 MP: 7/7
  3983 | D:4      | Noticed Ijyb
  3989 | D:4      | Killed Ijyb
  4680 | D:5      | Entered Level 5 of the Dungeon
  4763 | D:5      | Reached XP level 8. HP: 57/72 MP: 8/8
  4948 | D:5      | Found an opulent altar of Gozag.
  5119 | D:5      | Found a staircase to the Ecumenical Temple.
  5486 | Temple   | Entered the Ecumenical Temple
  5640 | Temple   | Became a worshipper of Qazlal Stormbringer
  5707 | D:6      | Reached skill level 1 in Invocations
  5906 | D:6      | Found an ancient bone altar of Kikubaaqudgha.
  6003 | D:6      | Noticed Pikel
  6032 | D:6      | Killed Pikel
  6033 | D:6      | Reached skill level 10 in Axes
  6033 | D:6      | Reached XP level 9. HP: 59/84 MP: 9/12
  6047 | D:6      | Reached skill level 5 in Invocations
  6238 | D:6      | Found a runed translucent door.
  6238 | D:6      | Found a shimmering altar of Xom.
  6238 | D:6      | Noticed Kave's ghost (novice TrTm)
  6238 | D:6      | Noticed a +2 rapier of chaos
  6520 | D:6      | Reached skill level 10 in Fighting
  7443 | D:7      | Paralysed by an orc priest for 3 turns
  7541 | D:7      | You fall into a shaft and drop 3 floors!
  7541 | D:10     | Entered Level 10 of the Dungeon
  7640 | D:10     | Reached * piety under Qazlal
  7659 | D:10     | HP: 3/89 [yak (13)]
  7661 | D:10     | Slain by a yak

Illustrated notes

Levels and vault maps discovered:
D:1:      nicolae_arrival_somewhat_less_tricky_arrival, layout_loops_ring,
          hellmonk_ecumenical_altar_leap_of_faith
D:2:      layout_basic, serial_shops, shop
D:3:      layout_loops_ring, lemuel_doored_altar, serial_shops,
          nicolae_shop_statue_plus, chequers_serial_rivers_small_b,
          uniq_terence, uniq_sigmund
D:4:      layout_gridville, uniq_ijyb, uniq_eustachio
D:5:      layout_basic, nicolae_gozag_seed_capital,
          minmay_temple_entry_large_hall, kennysheep_generic_room_14
D:6:      layout_loops_ring, mainiacjoe_overflow_tiny_flanked,
          ebering_ghost_xom, uniq_pikel
D:7:      layout_gridville, minmay_between
D:10:     layout_cave_pools, hiddenorc2_lemuel, serial_shops, shop
Temple:   minmay_temple_bridge_abc

Skill      XL: |  1  2  3  4  5  6  7  8  9 |
---------------+----------------------------+-----
Axes           | 3 4 6 7 8 10 11 | 11.6
Fighting       | 4 6 7 8 9 11 | 11.0
Invocations    | 4 7 |  7.5
Armour         | |  3.2
Shields        | |  3.2

Action                   |  1- 3 |  4- 6 |  7- 9 || total
-------------------------+-------+-------+-------++-------
Melee: War axe           |    86 |   118 |   178 ||   382
       Hand axe          |       |       |    44 ||    44
Evoke: Wand              |       |       |    19 ||    19
  Use: Scroll            |       |     2 |     4 ||     6
       Potion            |       |     2 |     3 ||     5
Armor: Scale mail        |    46 |     9 |       ||    55
       Plate armour      |       |    60 |   181 ||   241
Dodge: Dodged            |    44 |    44 |    65 ||   153

Table legend: (Time is in decaauts)
 A = Elapsed time spent in this place.
 B = Non-inter-level travel time spent in this place.
 C = Inter-level travel time spent in this place.
 D = Time resting spent in this place.
 E = Time spent auto-exploring this place.
 F = Levels seen in this place.
 G = Mean time per level.
                   A        B        C        D        E       F      G
               +--------+--------+--------+--------+--------+-----+--------+
         Total |   7746 |   7385 |    361 |    488 |   5754 |   9 |  860.7 |
       Dungeon |   7544 |   7207 |    337 |    488 |   5585 |   8 |  943.0 |
        Temple |    201 |    178 |     23 |      0 |    169 |   1 |  201.0 |
               +--------+--------+--------+--------+--------+-----+--------+

Top non-repeatable levels by time:
     D:6: 1451 daAuts
     D:4: 1444 daAuts
     D:3: 1364 daAuts
     D:2: 1070 daAuts
     D:1: 870 daAuts
     D:5: 828 daAuts
     D:7: 407 daAuts
  Temple: 201 daAuts
    D:10: 107 daAuts
